 Dungeon Crawl Stone Soup version 0.30-a0-218-gedb9141078 (webtiles) character file.

Game seed: 10837401639485398189

1936 LnG the Covert (level 9, -3/45 (48) HPs)
             Began as a Kobold Summoner on Oct 5, 2022.
             Was an Initiate of Dithmenos.
             Slain by a wight
             ... wielding a +0 halberd
              (10 damage)
             ... on level 7 of the Dungeon.
             The game lasted 00:19:30 (7884 turns).

LnG the Covert (Kobold Summoner)                    Turns: 7884, Time: 00:19:31

HP:   -3/45 (48)    AC:  9    Str:  5    XL:     9   Next: 40%
MP:   7/14          EV: 17    Int: 21    God:    Dithmenos [......]
Gold: 548           SH:  0    Dex: 17    Spells: 1/14 levels left

rFire   . . .      SeeInvis .    x - +7 hammer "Gaofyu Lelo" {vorpal, Dex+2}
rCold   . . .      Faith    .    (no shield)
rNeg    . . .      Spirit   .    a - +1 robe
rPois   +          Reflect  .    f - +2 helmet
rElec   .          Harm     .    w - +0 cloak
rCorr   .          Rampage  .    v - +1 pair of gloves
Will    .....                    (no boots)
Stlth   ++++++....               (no amulet)
HPRegen 0.27/turn                t - ring of poison resistance
MPRegen 0.14/turn                p - ring of wizardry

@: drained
A: small, no large weapons, nightstalker 3
a: Renounce Religion


You were on level 7 of the Dungeon.
You worshipped Dithmenos.
Dithmenos was noncommittal.
You visited 2 branches of the dungeon, and saw 8 of its levels.
You also visited: Sewer.

You collected 548 gold pieces.

Inventory:

Hand Weapons
 q - a +2 dagger of speed
 x - the +7 hammer "Gaofyu Lelo" (weapon) {vorpal, Dex+2}
   (You found it on level 5 of the Dungeon)

   It inflicts extra damage upon your enemies.
   Dex:       It affects your dexterity (+2).
Armour
 a - a +1 robe (worn)
 f - a +2 helmet (worn)
 v - a +1 pair of gloves (worn)
 w - a +0 cloak (worn)
Jewellery
 e - a +6 ring of dexterity
 p - a ring of wizardry (right hand)
 t - a ring of poison resistance (left hand)
 y - a ring of protection from fire
Wands
 i - a wand of roots (5)
 l - a wand of paralysis (2)
Scrolls
 d - a scroll of teleportation
 h - 3 scrolls of fog
 j - a scroll of noise {unknown}
 r - 2 scrolls of magic mapping {unknown}
 s - a scroll of torment {unknown}
 u - a scroll of fear
 z - 2 scrolls of immolation {unknown}
Potions
 b - a potion of magic
 c - a potion of attraction {unknown}
 g - 4 potions of flight
 k - a potion of experience {unknown}
 m - a potion of berserk rage {unknown}
 n - 2 potions of mutation
 o - 4 potions of curing


   Skills:
 + Level 2.3 Fighting
 + Level 4.1 Short Blades
 + Level 2.8 Maces & Flails
 + Level 5.0 Dodging
 * Level 12.5 Stealth
 + Level 3.3 Spellcasting
 + Level 5.1 Summonings


You had one spell level left.
You knew the following spells:

 Your Spells              Type           Power      Damage    Failure   Level
a - Summon Small Mammal   Summ           100%       N/A       1%          1
b - Call Imp              Summ           25%        N/A       1%          2
c - Call Canine Familiar  Summ           25%        N/A       1%          3
d - Summon Guardian Gole  Hex/Summ       14%        N/A       5%          3
e - Summon Lightning Spi  Summ/Air       14%        N/A       17%         4

Your spell library contained the following spells:

 Spells                   Type           Power      Damage    Failure   Level
 Magic Dart               Conj           12%        1d3       5%          1
 Slow                     Hex            12%        N/A       5%          1
 Searing Ray              Conj           6%         2d4       8%          2
 Confusing Touch          Hex            3%         N/A       16%         3
 Hailstorm                Conj/Ice       3%         3d3       16%         3
 Vampiric Draining        Necr           3%         2d6       16%         3
 Vhi's Electric Charge    Tloc/Air       6%         N/A       16%         3
 Fulminant Prism          Conj/Hex       1%         3d6       43%         4
 Ice Form                 Ice/Tmut       3%         N/A       43%         4
 Arcjolt                  Conj/Air       1%         1d11      77%         5
 Simulacrum               Ice/Necr       1%         N/A       99%         6
 Maxwell's Capacitive Co  Air            1%         ∞         100%        8


Dungeon Overview and Level Annotations

Branches:
Dungeon (7/15)             Temple (1/1) D:6           Sewer (visited)

Altars:
Ashenzari
Cheibriados
Dithmenos
Elyvilon
Fedhas
Gozag
Hepliaklqana
Kikubaaqudgha
Nemelex Xobeh
Okawaru
Qazlal
Ru
Sif Muna
Trog
Uskayaw
Vehumet
Wu Jian
Xom
Yredelemnul
Zin
The Shining One


Innate Abilities, Weirdness & Mutations

You are small and have problems with some larger weapons.
You are completely attuned to the shadows.


Message History

Your hound completely misses the wight.
The wight hits you with a +4 flail.
You completely miss the wight.
The wight is moderately damaged.
Your hound barely misses the wight.
Your hound bites the wight but does no damage.
The wight hits your hound with a +4 flail!
You hit the wight but do no damage.
The wight is moderately damaged.
Your hound bites the wight but does no damage.
The wight hits your hound with a +4 flail!!
Your hound dies!
Your hound's corpse disappears in a puff of smoke!
You thump the wight!
You destroy the wight!
Dithmenos accepts your kill.
Your life force feels restored.
Casting: Call Canine Familiar (safe; 1% risk of failure)
Confirm with . or Enter, or press ? or * to list all spells.
The wight hits you from afar with a +0 halberd!
You feel drained. The wight hits you but does no damage.
The wight hits your hound with a +0 hand axe!
Casting: Call Canine Familiar (safe; 1% risk of failure)
Confirm with . or Enter, or press ? or * to list all spells.
A beastly little devil appears in a puff of frigid air.
The wight misses you.
Your hound barely misses the wight.
The wight closely misses you. The wight barely misses your white imp.
The wight hits your hound with a +0 hand axe!
Your hound dies!
Your hound's corpse disappears in a puff of smoke!
You closely miss the wight.
The wight hits you from afar with a +0 halberd!
* * * LOW HITPOINT WARNING * * *
You feel drained.
* * * LOW HITPOINT WARNING * * *
The wight hits you but does no damage.
The wight completely misses your white imp.
Your white imp gestures at the wight.
The puff of frost hits the wight.
The wight resists.
The wight hits you from afar with a +0 halberd!
You die...

.........#.#
.........#.#
.........#.######
.........#......#
.........######.#
..........# #.#
#######z#.# #.#
###)#.# #.#
#5z@#.# #.#
#.#.#.# #.#
####.###.#####.##
................#
#####.#.#######.##
#...#.#...# #.#
#.#...#.#.# ###
#.#######.#
#.#.).)...#


You could see 2 wights and a friendly white imp (summoned).

Vanquished Creatures
  A shadow (D:6)
  Eustachio (D:6)
  A water moccasin (D:7)
  3 sky beasts
  3 centaurs
  A kobold brigand (D:6)
  2 necrophages
  A scorpion (D:5)
  4 wights
  A hound (D:6)
  A gnoll bouda (D:4)
  A jelly (D:6)
  Crazy Yiuf (D:5)
  2 iguanas
  2 orc wizards (D:7)
  9 gnolls
  7 adders
  4 river rats (Sewer)
  An ufetubus (D:5)
  5 worms
  3 dart slugs
  9 orcs
  7 ball pythons
  4 endoplasms
  6 giant cockroaches
  3 goblins
  3 hobgoblins
  2 jackals (Sewer)
  9 kobolds
  6 quokkas
  15 bats
  4 frilled lizards
  A rat (D:1)
123 creatures vanquished.

Vanquished Creatures (collateral kills)
  4 gnolls
  A dart slug (D:1)
  2 worms
  An orc (D:3)
  3 bats (Sewer)
  2 kobolds (D:4)
  2 ball pythons (Sewer)
  A butterfly (D:6)
16 creatures vanquished.

Vanquished Creatures (others)
  6 plants (D:7)
6 creatures vanquished.

Grand Total: 145 creatures vanquished

Notes
Turn   | Place    | Note
-------+----------+-------------------------------------------
     0 | D:1      | LnG the Kobold Summoner began the quest for the Orb.
     0 | D:1      | Reached XP level 1. HP: 10/10 MP: 3/3
   173 | D:1      | Reached XP level 2. HP: 10/15 MP: 5/5
   176 | D:1      | Learned a level 2 spell: Call Imp
   585 | D:1      | Reached skill level 3 in Stealth
   948 | D:2      | Reached XP level 3. HP: 19/19 MP: 6/6
   952 | D:2      | Learned a level 3 spell: Call Canine Familiar
  1230 | D:2      | Found a faded altar of an unknown god.
  1473 | D:2      | Reached skill level 4 in Stealth
  1476 | D:2      | Reached XP level 4. HP: 23/24 MP: 7/7
  2042 | D:3      | Reached skill level 5 in Stealth
  2119 | D:3      | Reached XP level 5. HP: 22/28 MP: 8/8
  2179 | D:3      | Reached skill level 1 in Short Blades
  2400 | D:3      | Found a glowing drain.
  2409 | Sewer    | Entered a sewer
  2710 | Sewer    | Reached skill level 6 in Stealth
  2902 | Sewer    | Reached XP level 6. HP: 33/33 MP: 9/9
  2906 | Sewer    | Learned a level 3 spell: Summon Guardian Golem
  3838 | D:3      | Found a hazy altar of Hepliaklqana.
  3841 | D:3      | Found a stormy altar of Qazlal.
  3894 | D:3      | Reached skill level 1 in Fighting
  4071 | D:4      | You fall into a shaft and drop 1 floor!
  4071 | D:5      | Entered Level 5 of the Dungeon
  4186 | D:4      | Found a hide-covered altar of Uskayaw.
  4518 | D:4      | Found a snail-covered altar of Cheibriados.
  5182 | D:5      | Reached skill level 7 in Stealth
  5182 | D:5      | Reached XP level 7. HP: 38/38 MP: 10/10
  5245 | D:5      | Found a white marble altar of Elyvilon.
  5286 | D:5      | Reached skill level 8 in Stealth
  6168 | D:5      | Found a runed translucent door.
  6171 | D:5      | Noticed Crazy Yiuf
  6176 | D:5      | Killed Crazy Yiuf
  6179 | D:5      | Identified the +7 hammer "Gaofyu Lelo" {vorpal, Dex+2}
  6352 | D:6      | Found a staircase to the Ecumenical Temple.
  6367 | D:6      | Reached skill level 9 in Stealth
  6367 | D:6      | Reached XP level 8. HP: 32/43 MP: 9/12
  6370 | Temple   | Entered the Ecumenical Temple
  6373 | Temple   | Found a transporter.
  6373 | Temple   | Found a transporter.
  6375 | Temple   | Found a transporter.
  6375 | Temple   | Found a transporter.
  6448 | Temple   | Became a worshipper of Dithmenos the Shadowed
  6526 | D:6      | Found a sacrificial altar of Ru.
  6623 | D:6      | Noticed a shadow
  6625 | D:6      | Killed a shadow
  6626 | D:6      | Reached skill level 1 in Maces & Flails
  6659 | D:6      | Reached skill level 10 in Stealth
  7003 | D:6      | Reached skill level 5 in Summonings
  7124 | D:6      | Noticed Eustachio
  7128 | D:6      | Killed Eustachio
  7129 | D:6      | Reached skill level 11 in Stealth
  7129 | D:6      | Reached XP level 9. HP: 48/48 MP: 13/13
  7134 | D:6      | Learned a level 4 spell: Summon Lightning Spire
  7454 | D:7      | Identified the +1 ring mail of Fedhas's Outrage {rElec
                  | Int+6}
  7634 | D:7      | Reached skill level 5 in Dodging
  7634 | D:7      | Reached skill level 12 in Stealth
  7884 | D:7      | Slain by a wight

Illustrated notes

Levels and vault maps discovered:
D:1:      lightli_arrival_maybe_door_vault, layout_loops_ring,
          chequers_serial_rivers_micro_e
D:2:      layout_basic, chequers_ecumenical_altar_simple
D:3:      layout_basic, jmf_multi_god_temple, cheibrodos_sewer_entry_bend
D:4:      layout_basic, nicolae_uskayaw_suspiria, mainiacjoe_overflow_24_doors,
          serial_corexii_hall, corexii_hall_statues_i, corexii_hall_statues_i
D:5:      layout_basic, mainiacjoe_overflow_paths, uniq_crazy_yiuf_cottage
D:6:      layout_basic, amcnicky_altar_gilded, minmay_temple_entry_butterflies,
          uniq_eustachio
D:7:      layout_basic, gammafunk_ghost_gnarly_gnolls
Temple:   hellmonk_temple_divided_pantheon

Skill      XL: |  1  2  3  4  5  6  7  8  9 |
---------------+----------------------------+-----
Stealth        | 3 4 5 6 7 9 11 12 | 12.5
Short Blades   | 2 3 4 |  4.1
Dodging        | 3 4 5 |  5.0
Fighting       | 1 2 |  2.3
Maces & Flails | 2 |  2.8
Spellcasting   | 3 |  3.3
Summonings     | 5 |  5.1

Action                   |  1- 3 |  4- 6 |  7- 9 || total
-------------------------+-------+-------+-------++-------
Melee: Short sword       |    47 |       |       ||    47
       Unarmed           |     2 |       |       ||     2
       Dagger            |    10 |   247 |    46 ||   303
       Punch             |       |     2 |     2 ||     4
       Mace              |       |       |    70 ||    70
 Cast: Summon Small Mamm |     2 |       |       ||     2
       Call Imp          |     1 |     4 |     2 ||     7
       Call Canine Famil |       |    10 |    10 ||    20
  Use: Potion            |       |     4 |     2 ||     6
       Scroll            |       |     8 |     2 ||    10
 Stab: Sleeping          |    16 |    18 |    21 ||    55
       Distracted        |       |     3 |       ||     3
Armor: Robe              |     5 |    47 |    52 ||   104
Dodge: Dodged            |    28 |   202 |   106 ||   336

Table legend: (Time is in decaauts)
 A = Elapsed time spent in this place.
 B = Non-inter-level travel time spent in this place.
 C = Inter-level travel time spent in this place.
 D = Time resting spent in this place.
 E = Time spent auto-exploring this place.
 F = Levels seen in this place.
 G = Mean time per level.
                   A        B        C        D        E       F      G
               +--------+--------+--------+--------+--------+-----+--------+
         Total |   8018 |   7728 |    290 |    254 |   5507 |   9 |  890.9 |
       Dungeon |   6751 |   6468 |    283 |    147 |   4930 |   7 |  964.4 |
        Temple |     93 |     86 |      7 |      0 |     37 |   1 |   93.0 |
         Sewer |   1173 |   1173 |      0 |    107 |    540 |   1 | 1173.0 |
               +--------+--------+--------+--------+--------+-----+--------+

Top non-repeatable levels by time:
     D:5: 1274 daAuts
   Sewer: 1173 daAuts
     D:2: 1055 daAuts
     D:4: 1024 daAuts
     D:6: 996 daAuts
     D:3: 942 daAuts
     D:1: 937 daAuts
     D:7: 522 daAuts
  Temple: 93 daAuts
